Map: Hardwire LE

Players

November

  • Race: Zerg Zerg
  • League: Platinum

KaynenUS - Winner!

  • Race: Zerg Zerg
  • League: Silver

VOD

Have the link to the VOD?

Description

Ladder ranking getting weird. All games against Plat or Diamond today. Well, enjoy.

Time

  • Played on: April 16, 2022, 8:19 p.m.
  • Length: 15:54
Show
View Real Time Build Order
Export as new Build Order

November Zerg 

Build Orders: Hatch First 

Get SALT Encoding   

  12  0:00  Drone  
  13  0:12  Overlord  
  13  0:17  Drone  
  14  0:31  Drone x2  
  16  0:37  Drone  
  17  0:56  Hatchery  
  17  0:57  Drone  
  17  1:03  Drone  
  18  1:12  Extractor  
  18  1:17  Spawning Pool  
  16  1:20  Drone  
  16  1:21  Drone  
  18  1:29  Drone  
  19  1:42  Drone  
  20  1:50  Overlord  
  20  2:06  Queen  
  22  2:09  Zergling x2  
  22  2:10  Zergling x2  
  24  2:17  Spine Crawler, Zergling x2  
  24  2:24  Zergling x4  
  24  2:28  Spine Crawler  
  25  2:37  Metabolic Boost  
  25  2:39  Zergling x4  
  26  2:45  Drone  
  27  2:54  Overlord x2  
  27  3:12  Overlord, Queen  
  29  3:14  Drone x3  
  31  3:28  Zergling x6  
  31  3:33  Zergling x4  
  31  3:34  Zergling x2  
  32  3:50  Spine Crawler x2  
  30  3:56  Zergling x6  
  30  3:57  Zergling x2  
  31  4:12  Zergling x2, Baneling Nest  
  31  4:26  Drone x3  
  34  4:36  Lair  
  34  4:40  Drone  
  34  4:42  Drone  
  36  5:15  Baneling x2  
  36  5:16  Baneling x2  
  36  5:20  Overlord, Drone x4  
  41  5:21  Extractor, Drone x2  
  41  5:22  Extractor  
  40  5:33  Centrifugal Hooks  
  40  5:39  Drone x5  
  40  5:42  Drone  
  46  5:49  Baneling  
  46  5:50  Baneling  
  46  6:01  Overlord  
  44  6:26  Zergling x2  
  44  6:27  Zergling x10  
  44  6:30  Drone x4  
  54  6:35  Hatchery  
  53  6:41  Roach Warren  
  52  7:05  Baneling x3  
  52  7:06  Baneling x3  
  52  7:10  Drone x5  
  52  7:11  Drone  
  58  7:17  Drone x2  
  58  7:18  Drone x3  
  63  7:26  Baneling x5  
  63  7:27  Baneling  
  63  7:29  Drone  
  63  7:36  Roach x3  
  63  7:37  Overlord  
  68  7:43  Spine Crawler x2  
  66  7:45  Spine Crawler  
  66  7:46  Spine Crawler x2  
  66  7:49  Roach x2, Overlord  
  67  7:58  Roach  
  67  7:59  Roach x3  
  62  8:06  Roach x3  
  62  8:12  Roach x3  
  68  8:17  Roach  
  66  8:22  Roach x2  
  70  8:28  Roach x3  
  76  8:38  Evolution Chamber  
  75  8:45  Evolution Chamber  
  74  8:56  Hatchery  
  74  9:01  Roach x3  
  79  9:03  Zergling x4  
  79  9:04  Zergling x2  
  82  9:22  Extractor  
  81  9:27  Baneling x4  
  81  9:29  Ravager x3  
  84  9:32  Overlord x3  
  84  9:36  Zerg Missile Weapons Level 1  
  84  9:48  Overlord x2  
  84  9:56  Zerg Ground Armor Level 1  
  84  9:57  Roach x2  
  84  9:58  Roach, Hatchery  
  93  10:21  Roach x2  
  93  10:22  Roach x4  
  93  10:23  Roach x2  
  93  10:24  Roach  
  105  10:44  Zergling x2, Roach x4, Overlord  
  105  10:45  Zergling x2  
  115  10:53  Roach  
  115  10:54  Roach x2  
  121  11:06  Baneling x3  
  121  11:07  Baneling  
  121  11:10  Overlord x2  
  121  11:13  Ravager  
  121  11:16  Roach  
  121  11:17  Roach x2  
  128  11:26  Drone  
  115  11:42  Roach  
  115  11:43  Roach x4  
  115  11:44  Roach x2  
  115  11:45  Roach x2  
  131  12:07  Zergling x8  
  135  12:09  Hatchery  
  134  12:26  Roach x3  
  140  12:30  Baneling x3  
  140  12:31  Baneling x5  
  140  12:33  Roach x3  
  140  12:36  Overlord  
  146  12:57  Roach  
  146  12:58  Roach x2  
  152  12:59  Zergling x6  
  152  13:05  Ravager  
  156  13:06  Ravager  
  156  13:12  Overlord, Roach x2  
  161  13:14  Overlord  
  161  13:22  Zerg Missile Weapons Level 2  
  161  13:38  Drone x4  
  161  13:39  Drone x4  
  125  14:50  Hatchery  
  125  14:51  Hatchery  
  123  14:57  Roach x6  
  135  15:06  Overseer  
  132  15:08  Overseer  
Show
View Real Time Build Order
Export as new Build Order

KaynenUS Zerg - Winner!

Build Orders: Pool First, Lurkers 

Get SALT Encoding   

  12  0:00  Drone  
  13  0:12  Overlord  
  13  0:17  Drone  
  14  0:31  Drone x2  
  16  0:42  Spawning Pool  
  15  0:44  Drone  
  16  0:57  Extractor  
  15  1:09  Hatchery  
  14  1:17  Drone  
  15  1:29  Queen  
  15  1:30  Zergling x2  
  15  1:32  Zergling x2  
  19  1:37  Zergling x2  
  20  1:45  Drone  
  21  1:52  Overlord  
  21  2:02  Metabolic Boost  
  21  2:20  Drone x2  
  23  2:29  Drone x2  
  25  2:40  Zergling x2  
  25  2:41  Zergling x8  
  28  2:48  Zergling x2  
  28  2:49  Zergling x2  
  30  2:57  Hatchery  
  29  3:02  Queen  
  29  3:05  Drone  
  32  3:07  Drone  
  33  3:18  Zergling x6  
  36  3:24  Overlord  
  36  3:27  Overlord  
  36  3:44  Drone x3  
  36  3:45  Drone x3  
  41  3:55  Zergling x6  
  34  4:05  Zergling x2  
  34  4:06  Zergling x2  
  36  4:15  Evolution Chamber  
  36  4:16  Zergling x2  
  37  4:17  Zergling x10  
  37  4:21  Roach Warren  
  37  4:23  Drone x2  
  42  4:24  Drone  
  43  4:41  Spine Crawler  
  43  4:45  Drone x7  
  47  4:46  Drone  
  50  4:55  Drone x3  
  50  4:58  Extractor  
  52  5:23  Extractor x2, Queen  
  54  5:39  Overlord x4  
  54  5:41  Drone x4  
  58  5:51  Lair  
  56  5:57  Overlord x2  
  56  5:59  Roach x3  
  56  6:00  Roach  
  64  6:14  Roach  
  64  6:15  Roach x3  
  64  6:17  Spore Crawler  
  71  6:22  Spore Crawler  
  71  6:23  Queen x2  
  74  6:36  Roach x3  
  80  6:43  Hatchery  
  79  6:52  Drone x3  
  82  6:55  Roach x5  
  92  7:03  Roach x2  
  96  7:18  Glial Reconstitution  
  96  7:39  Ravager x4  
  96  7:42  Overlord x3  
  100  7:53  Roach  
  100  7:54  Roach x2  
  106  8:05  Zergling x10  
  93  8:06  Zergling x14  
  102  8:17  Roach x2  
  102  8:18  Roach x3  
  106  8:20  Ravager x2  
  106  8:26  Zergling x2  
  80  8:36  Roach x4  
  88  8:49  Roach x5  
  98  9:07  Queen  
  100  9:10  Drone x9  
  109  9:37  Ravager x6  
  115  9:50  Hydralisk Den  
  114  9:54  Extractor  
  114  9:57  Spine Crawler  
  114  9:58  Spine Crawler  
  114  9:59  Drone x13  
  124  10:09  Extractor  
  117  10:38  Zergling x2  
  117  10:39  Zergling x36  
  136  10:45  Overlord  
  136  10:56  Grooved Spines  
  136  10:58  Lurker Den  
  135  11:04  Drone x4  
  135  11:05  Drone x2  
  141  11:20  Hatchery  
  141  11:22  Overlord x4  
  141  11:23  Overlord  
  140  11:30  Infestation Pit  
  95  11:41  Roach x5  
  95  11:42  Roach x12  
  129  11:49  Zerg Missile Weapons Level 1  
  129  11:55  Spine Crawler  
  129  11:57  Roach x6  
  140  12:08  Muscular Augments  
  140  12:20  Hydralisk x11  
  162  12:45  Lurker  
  162  12:46  Lurker x5  
  168  13:05  Lurker x3  
  171  13:19  Overseer x2  
  171  13:25  Pneumatized Carapace  
  163  14:14  Roach  
  163  14:15  Roach x7  
  173  14:17  Overlord x5  
  135  14:34  Roach x10  
  135  14:35  Roach x26  
  135  14:36  Roach  
  187  14:52  Roach x5  
  199  14:53  Roach  
  193  15:09  Hydralisk x3  
Tags
 
Add a new tag
Caveats
  • Supply blocks, unpowered buildings, or Contaminate may cause inaccurate times.
  • Supply counts are checked every 10 seconds.